 Dungeon Crawl Stone Soup version 0.31-a0-236-g9a0961fb85 (webtiles) character file.

Game seed: 2285859828927474727

76 qw the Shooter (level 4, -1/36 HPs)
             Began as a Minotaur Hexslinger on July 10, 2023.
             Slain by Grinder (6 damage)
             ... on level 3 of the Dungeon.
             The game lasted 00:00:41 (1402 turns).

qw the Shooter (Minotaur Hexslinger)                Turns: 1402, Time: 00:00:41

Health: -1/36      AC:  7    Str: 13    XL:     4   Next: 12%
Magic:  4/4        EV: 11    Int: 10    God:
Gold:   112        SH:  0    Dex: 14    Spells: 4/5 levels left

rFire   . . .        Y - +1 sling
rCold   . . .        (no shield)
rNeg    . . .        j - +0 ring mail
rPois   .            l - +2 hat {Stlth+}
rElec   .            (no cloak)
rCorr   .            (no gloves)
SInv    .            (no boots)
Will    .....        (no amulet)
Stlth   ++           (no ring)
HPRegen 0.26/turn    (no ring)
MPRegen 0.09/turn

%: no passive effects
@: no status effects
A: horns 2, retaliatory headbutt, mutation resistance 1, sturdy frame 1
a: no special abilities


You were on level 3 of the Dungeon.
You visited 1 branch of the dungeon, and saw 3 of its levels.

You collected 140 gold pieces.
You spent 28 gold pieces at shops.


Innate Abilities, Weirdness & Mutations

You have a pair of horns on your head.
You reflexively headbutt those who attack you in melee.
You are somewhat resistant to further mutation.
Your movements are slightly less encumbered by armour. (ER -2)


   Skills:
 - Level 2.0 Fighting
 - Level 4.5 Ranged Weapons
 + Level 0.8 Armour
 - Level 2.1 Dodging
 - Level 1.0 Spellcasting
 - Level 2.0 Hexes


You had 4 spell levels left.
You knew the following spells:

 Your Spells              Type           Power      Damage    Failure   Level
a - Slow                  Hex            16%        N/A       22%         1

Your spell library contained the following spells:

 Spells                   Type           Power      Damage    Failure   Level
 Inner Flame              Hex/Fire       2%         N/A       69%         3
 Portal Projectile        Hex/Tloc       4%         N/A       69%         3
 Cause Fear               Hex            2%         N/A       91%         4

Inventory:

Hand Weapons
 Y - a +1 sling (weapon)
Armour
 j - a +0 ring mail (worn)
 l - a +2 hat of stealth (worn)
Scrolls
 a - a scroll of enchant armour
 h - a scroll of identify
Potions
 b - a potion of mutation
 c - a potion of cancellation {unknown}
 d - a potion of degeneration {unknown}
 f - 2 potions of berserk rage {unknown}
 k - a potion of magic {unknown}

Dungeon Overview and Level Annotations

Branches:
Dungeon (3/15)

Altars:

Shops:
D:1 [

Annotations:
D:3 1 runed translucent door, Grinder; qw's ghost, amateur GrHs


Message History

You shoot a sling bullet. The sling bullet barely misses Grinder.
You shoot a sling bullet. The sling bullet hits Grinder.
Grinder is moderately wounded.
Grinder hits you.
You shoot a sling bullet. The sling bullet hits Grinder.
Grinder is heavily wounded.
Grinder barely misses you.
You shoot a sling bullet. The sling bullet hits Grinder.
Grinder is heavily wounded.
Grinder gestures at you. Pain shoots through your body!
Grinder gestures at you. Pain shoots through your body!
You shoot a sling bullet. The sling bullet barely misses Grinder.
Grinder hits you.
You writhe in agony.
You shoot a sling bullet.
The sling bullet closely misses Grinder.
Grinder hits you but does no damage.
You shoot a sling bullet. The sling bullet hits Grinder.
Grinder is severely wounded.
Grinder blinks!
Grinder gestures at you.
You suddenly lose the ability to move!
Grinder gestures at you.
You shrug off the repeated paralysis!
You can move again.
You shoot a sling bullet. The sling bullet barely misses Grinder.
Grinder gestures at you.
You barely resist. You shoot a sling bullet. The sling bullet hits Grinder.
Grinder is severely wounded.
Grinder hits you.
You writhe in agony.
You shoot a sling bullet. The sling bullet hits Grinder.
Grinder is almost dead.
Grinder gestures at you. Pain shoots through your body!
You shoot a sling bullet.
The sling bullet closely misses Grinder.
Grinder hits you.
You die...

############
..#######...........
#.......#.#####.####
######.#.#####.#
#.@5...........# #
#...####..#####..# #
#..## ####.Z.##.## #
#. .ZWZ....#..### ..
.Z.Z###..##...# ##
#..Z.. #..#.#.#
#...=Z. #..#.#.#
##.Z... #..#....
#..##....


You could see Grinder.

Vanquished Creatures
  2 adders (D:2)
  A worm (D:3)
  4 dart slugs
  An orc (D:3)
  4 bats
  2 endoplasms
  A giant cockroach (D:1)
  4 goblins
  7 hobgoblins
  5 kobolds
  A quokka (D:1)
  5 ball pythons (D:1)
  3 frilled lizards
  5 rats
45 creatures vanquished.

Notes
Turn   | Place    | Note
-------+----------+-------------------------------------------
     0 | D:1      | qw the Minotaur Hexslinger began the quest for the Orb.
     0 | D:1      | Reached XP level 1. HP: 16/16 MP: 1/1
     0 | D:1      | 0 ||| qw: Version: 0.3-a-52-g30416fa
     0 | D:1      | 0 ||| qw: Game counter: 4539
     0 | D:1      | 0 ||| qw: Melee chars always use a shield: true
     0 | D:1      | 0 ||| qw: God list: Okawaru
     0 | D:1      | 0 ||| qw: Allow faded altars: false
     0 | D:1      | 0 ||| qw: Do Orc after clearing Dungeon:15 true
     0 | D:1      | 0 ||| qw: Do second Lair branch before Depths: true
     0 | D:1      | 0 ||| qw: Lair rune preference: random
     0 | D:1      | 0 ||| qw: Goals: Normal
     0 | D:1      | 0 ||| PLANNING D:1-11
   134 | D:1      | Found Goet's Armour Emporium.
   146 | D:1      | 146 ||| BUYING +0 leather armour (28 gold).
   146 | D:1      | Bought a +0 leather armour for 28 gold pieces
   146 | D:1      | 146 ||| SHOPLISTING +0 ring mail (56 gold, have 6).
   190 | D:1      | Reached skill level 3 in Ranged Weapons
   190 | D:1      | Reached XP level 2. HP: 23/23 MP: 2/2
   595 | D:1      | Reached XP level 3. HP: 29/29 MP: 3/3
   728 | D:1      | 728 ||| UPGRADING to +0 leather armour.
   738 | D:1      | 738 ||| DROPPING +0 robe.
   739 | D:1      | 739 ||| UPGRADING to +2 hat of stealth.
   744 | D:1      | 744 ||| READING 3 scrolls labelled VEITAN AFRYANT.
   745 | D:1      | 745 ||| READING scroll labelled KEDOGEKUFO.
   746 | D:1      | 746 ||| READING 2 scrolls labelled XOEFYR ANWUL.
   747 | D:1      | 747 ||| READING scroll labelled EGAISO KEREUPTITZE.
   748 | D:1      | 748 ||| READING scroll labelled ECULISK HE KIF.
   749 | D:1      | 749 ||| DRINKING 2 glowing pink potions.
   750 | D:1      | 750 ||| DROPPING 2 scrolls of vulnerability.
   751 | D:1      | 751 ||| DROPPING scroll of poison.
   752 | D:1      | 752 ||| DROPPING potion of attraction.
   877 | D:2      | Reached skill level 4 in Ranged Weapons
  1047 | D:2      | Found a faded altar of an unknown god.
  1104 | D:2      | Reached XP level 4. HP: 36/36 MP: 4/4
  1262 | D:2      | 1262 ||| UPGRADING to +0 ring mail.
  1272 | D:2      | 1272 ||| DROPPING +0 leather armour.
  1273 | D:2      | 1273 ||| DROPPING ring of wizardry.
  1274 | D:2      | 1274 ||| READING scroll labelled VOISOT COMOUWK.
  1275 | D:2      | 1275 ||| READING scroll labelled GONEIZXOLOW.
  1276 | D:2      | 1276 ||| DRINKING 2 fuming cyan potions.
  1276 | D:2      | Gained mutation: Your movements are slightly less
                  | encumbered by armour. (ER -2) [potion of mutation]
  1276 | D:2      | Gained mutation: You are somewhat resistant to further
                  | mutation. [potion of mutation]
  1325 | D:3      | Found a runed translucent gate.
  1378 | D:3      | Noticed qw's ghost (amateur GrHs)
  1384 | D:3      | Noticed Grinder
  1394 | D:3      | Paralysed by Grinder for 5 turns
  1401 | D:3      | HP: 5/36 [Grinder/nerve-wracking pain (12)]
  1402 | D:3      | Slain by Grinder

Levels and vault maps discovered:
D:1:      lemuel_arrival_river_ford, layout_loops_ring, serial_shops, shop
D:2:      layout_basic, hellmonk_ecumenical_altar_lost_god,
          minmay_increasing_density
D:3:      layout_loops_ring, gammafunk_ghost_icy, minmay_diced_spiral,
          uniq_grinder

Skill      XL: |  1  2  3 |
---------------+----------+-----
Ranged Weapons | 3 4 |  4.5
Fighting       | 2 |  2.0
Armour         | |  0.8
Dodging        | |  2.1
Spellcasting   | |  1.0
Hexes          | |  2.0

Action                     |  1- 3 |  4- 6 || total
---------------------------+-------+-------++-------
   Fire: Sling             |   111 |    29 ||   140
    Use: Scroll            |     5 |     2 ||     7
         Potion            |     1 |     1 ||     2
 Armour: Robe              |     5 |       ||     5
         Leather armour    |     7 |       ||     7
         Ring mail         |       |     1 ||     1
  Dodge: Dodged            |    21 |     1 ||    22

Table legend:
 A = Non-vault XP
 B = Vault XP
 C = Vault XP percentage of total XP
 D = Non-vault monster count
 E = Vault monster count
 F = Vault count percentage of total count
                 A         B        C        D         E       F
            +---------+---------+-------+---------+---------+-------
      Total |      82 |      27 |  24.8 |      37 |       8 |  17.8
            +---------+---------+-------+---------+---------+-------
        D:1 |      45 |       0 |   0.0 |      24 |       0 |   0.0
        D:2 |      25 |      27 |  51.9 |       8 |       8 |  50.0
        D:3 |      12 |       0 |   0.0 |       5 |       0 |   0.0
            +---------+---------+-------+---------+---------+-------
